 Dungeon Crawl Stone Soup version 0.32-a0-42-ga30500b4d3 (webtiles) character file.

Game seed: 40600953773213654

24974 GoblinSharpshooter the Fighter (level 12, -6/97 HPs)
             Began as a Mummy Earth Elementalist on Feb 3, 2024.
             Was the Champion of Kikubaaqudgha.
             Mangled by a merfolk
             ... wielding a +0 trident
              (18 damage)
             ... on level 3 of the Lair of Beasts.
             The game lasted 00:23:59 (17413 turns).

GoblinSharpshooter the Fighter (MuEE)              Turns: 17413, Time: 00:24:00

Health: -6/97      AC: 10    Str: 11    XL:     12   Next: 85%
Magic:  3/25       EV: 15    Int: 19    God:    Kikubaaqudgha [******]
Gold:   825        SH:  0    Dex: 13    Spells: 15/29 levels left

rFire   x . .        o - +1 dagger (elec)
rCold   + . .        (no shield)
rNeg    + + +        w - +0 troll leather armour
rPois   ∞            u - +0 helmet
rElec   .            g - +0 cloak
rCorr   .            k - +0 pair of gloves
SInv    .            (no boots)
Will    ++...        (no amulet)
Stlth   +++          q - ring of willpower
HPRegen 1.16/turn    B - +4 ring of protection
MPRegen 0.19/turn

%: faith
@: marked, very slightly contaminated, studying Alchemy
A: cold resistance 1, negative energy resistance 3, torment resistance 2, heat
vulnerability 1, in touch with death 1, no potions, faith
a: Renounce Religion, Unearth Wretches, Torment, Brand Weapon With Pain, Receive
Forbidden Knowledge


You were on level 3 of the Lair of Beasts.
You worshipped Kikubaaqudgha.
Kikubaaqudgha was exalted by your worship.
You visited 3 branches of the dungeon, and saw 14 of its levels.
You also visited: Ossuary and Bailey.

You collected 825 gold pieces.

Inventory:

Hand Weapons
 l - a +0 vampiric spear
 o - a +1 dagger of electrocution (weapon)
Missiles
 x - 3 throwing nets
 G - 2 curare-tipped darts
Armour
 a - a +0 robe
 b - an orb of energy
 g - a +0 cloak (worn)
 k - a +0 pair of gloves (worn)
 u - a +0 helmet (worn)
 v - a +2 buckler of protection
 w - a +0 troll leather armour (worn)
 F - +0 steam dragon scales
 H - a +0 pair of boots
Magical Staves
 d - a staff of alchemy
 A - a staff of death {rN+ !a}
Jewellery
 c - a ring of protection from cold
 q - a ring of willpower (left hand)
 B - a +4 ring of protection (right hand)
 C - a ring of magical power
 I - an amulet of magic regeneration
 J - an amulet of guardian spirit
Wands
 y - a wand of flame (11)
 E - a wand of paralysis (5)
Scrolls
 e - 6 scrolls of blinking {@r4}
 f - 3 scrolls of enchant weapon {unknown}
 h - 2 scrolls of immolation
 i - 2 scrolls of noise {unknown}
 j - 3 scrolls of enchant armour {unknown}
 m - 4 scrolls of fog {@r2}
 n - 3 scrolls of poison
 p - a scroll of silence {!r}
 r - 8 scrolls of teleportation {unknown}
 s - 3 scrolls of amnesia
 t - a scroll of fear
 z - a scroll of vulnerability {!r}
 D - 2 scrolls of identify {@r1}


   Skills:
 - Level 10.0 Fighting
 - Level 10.0 Dodging
 - Level 7.0 Stealth
 + Level 9.0 Spellcasting
 - Level 3.0 Conjurations
 + Level 2.5 Hexes
 * Level 7.3 Necromancy
 - Level 5.0 Earth Magic
 - Level 8.0 Alchemy


You had 15 spell levels left.
You knew the following spells:

 Your Spells              Type           Power      Damage    Failure   Level
a - Stone Arrow           Conj/Erth      46%        3d9       6%          3
d - Death Channel         Necr           26%        N/A       63%         6
o - Olgreb's Toxic Radia  Alch           39%        N/A       4%          4
s - Sandblast             Erth           54%        2d13      1%          1

Your spell library contained the following spells:

 Spells                   Type           Power      Damage    Failure   Level
 Kiss of Death            Conj/Necr      100%       2d13      1%          1
 Necrotise                Necr           100%       1d9       1%          1
 Cigotuvi's Dreadful Rot  Necr/Alch/Air  84%        N/A       1%          2
 Fugue of the Fallen      Necr           53%        N/A       1%          3
 Passwall                 Erth           27%        N/A       4%          3
 Dispel Undead            Necr           53%        3d19      5%          4
 Petrify                  Alch/Erth      33%        N/A       8%          4
 Dazzling Flash           Conj/Hex       38%        N/A       11%         3
 Anguish                  Hex/Necr       20%        N/A       14%         4
 Curse of Agony           Necr           53%        N/A       14%         5
 Brom's Barrelling Bould  Conj/Erth      23%        2d4       21%         4
 Gell's Gravitas          Tloc           8%         N/A       32%         3
 Teleport Other           Tloc           8%         N/A       32%         3
 Volatile Blastmotes      Fire/Tloc      16%        2d11      32%         3
 Cause Fear               Hex            9%         N/A       36%         4
 Fireball                 Conj/Fire      7%         3d5       85%         5
 Dispersal                Tloc           4%         N/A       100%        6
 Starburst                Conj/Fire      7%         6d4       100%        6
 Ozocubu's Refrigeration  Ice            4%         4d8       100%        7
 Discord                  Hex            9%         N/A       100%        8
 Maxwell's Capacitive Co  Air            4%         ∞         100%        8
 Dragon's Call            Summ           4%         N/A       100%        9


Dungeon Overview and Level Annotations

Branches:
Dungeon (10/15)            Temple (1/1) D:4            Lair (3/5) D:9
  Snake (0/4) Lair:2          Orc (0/2) D:10        Ossuary (visited)
 Bailey (visited)
  Swamp: Lair:2-3    Shoals: Lair:2-3

Altars:
Ashenzari
Cheibriados
Dithmenos
Fedhas
Gozag
Hepliaklqana
Kikubaaqudgha
Makhleb
Nemelex Xobeh
Okawaru
Qazlal
Ru
Sif Muna
Trog
Uskayaw
Vehumet
Wu Jian
Xom
Yredelemnul

Annotations:
D:5 3 runed translucent doors, ZZKoverts's ghost, novice SpHu
Lair:1 1 runed translucent door, Oceus's ghost, journeyman KoHu
Lair:3 1 runed translucent door, Fureje's ghost, novice SpDe


Innate Abilities, Weirdness & Mutations

You are immune to poison.
Your flesh is cold resistant. (rC+)
You are immune to negative energy. (rN+++)
You are immune to unholy pain and torment.
You are vulnerable to heat. (rF-)
You are in touch with the powers of death.
You do not drink.
You have a special connection with the divine. (Faith)


Message History

Confirm with . or Enter, or press ? or * to list all spells.
Aiming: Stone Arrow (mildly dangerous; 6% risk of failure)
Press: ? - help, Shift-Dir - straight line, f/p - black mamba
Aim: a black mamba (almost dead, 53% to hit)
You miscast Stone Arrow.
You are very lightly contaminated with residual magic.
Nothing appears to happen.
The black mamba misses you.
The merfolk hits you from afar with a +0 trident!
The black mamba closely misses you. The merfolk closely misses you.
Unknown command.
Casting: Stone Arrow (mildly dangerous; 6% risk of failure)
Confirm with . or Enter, or press ? or * to list all spells.
Aiming: Stone Arrow (mildly dangerous; 6% risk of failure)
Press: ? - help, Shift-Dir - straight line, f/p - black mamba
Aim: a black mamba (almost dead, 53% to hit)
The stone arrow hits the black mamba.
The black mamba is almost dead.
The black mamba barely misses you. The merfolk closely misses you.
The merfolk misses you. The black mamba barely misses you.
Unknown command.
The black mamba bites you! The merfolk attacks as it pursues you!
The merfolk hits you from afar with a +0 trident!
* * * LOW HITPOINT WARNING * * *
The merfolk attacks as it pursues you!
The merfolk hits you but does no damage.
The black mamba barely misses you.
Casting: Stone Arrow (mildly dangerous; 6% risk of failure)
Confirm with . or Enter, or press ? or * to list all spells.
Aiming: Stone Arrow (mildly dangerous; 6% risk of failure)
Press: ? - help, Shift-Dir - straight line, f/p - black mamba
Aim: a black mamba (almost dead, 53% to hit)
The stone arrow hits the black mamba.
You kill the black mamba!
Kikubaaqudgha accepts your kill.
The merfolk siren looks more healthy.
The komodo dragon looks more healthy.
The merfolk hits you from afar with a +0 trident.
* * * LOW HITPOINT WARNING * * *
The merfolk hits you from afar with a +0 trident!!
You die...
Kikubaaqudgha rasps: "You have failed me!
Welcome... oblivion!"

+......P.......#...
..
'##....P..#....#..#
#.
......#.........##
..
.............>....
.#
%.................
..
...........##.....
...
##.†.m....#....P
#..
#...mml..........
...
....#.m.@......PP#
#P .
..##....###....P #
#...##W##..P. ##
....##...##... #.
.....##..?..##.. #.
#.....#⌠.!♣...+..
.[ #.....##..!..##.
. #......##...##. #
####....##⌠## #


You could see 3 merfolk, a komodo dragon, a merfolk siren and Fureje's ghost.

Vanquished Creatures
  Harold (Lair:2)
  Erica (D:8)
  A two-headed ogre (D:10)
  2 death yaks (Lair:3)
  Sonja (Lair:3)
  A cyclops (D:10)
  2 black mambas
  A torpor snail (Lair:3)
  3 rime drakes
  2 komodo dragons
  Jeremiah (D:9)
  5 cane toads
  Psyche (D:9)
  3 trolls
  6 dream sheep (Lair:3)
  5 blink frogs (Lair:2)
  A wraith (D:10)
  6 wyverns
  A vampire (D:8)
  2 basilisks (D:9)
  45 yaks
  A steam dragon (Lair:3)
  A naga (Lair:2)
  16 water moccasins
  3 orc warriors
  3 ogres
  A black bear (D:7)
  3 wolves (Lair:1)
  6 centaurs
  A phantom (D:4)
  A weeping skull (Ossuary)
  An elf zombie (Ossuary)
  A kobold brigand (D:8)
  13 bullfrogs
  4 gnoll sergeants
  4 scorpions
  2 burial acolytes (Ossuary)
  5 wights
  4 killer bees (D:8)
  An electric eel (Lair:1)
  2 bombardier beetles
  A centaur zombie (Ossuary)
  A human zombie (Ossuary)
  3 hounds
  2 orc priests
  A gnoll bouda (D:5)
  A jelly (D:5)
  3 iguanas
  7 orc wizards
  4 hound zombies (Ossuary)
  2 mummies (Ossuary)
  19 gnolls
  4 adders
  3 shadow imps
  A white imp (D:7)
  2 ufetubi (D:7)
  A dart slug (D:1)
  4 ribbon worms
  23 orcs
  A bat (D:2)
  14 endoplasms
  3 giant cockroaches
  9 goblins
  3 hobgoblins
  2 jackals (D:1)
  18 kobolds
  6 quokkas
  7 ball pythons
  4 frilled lizards
  4 gnoll zombies (Ossuary)
  3 orc zombies (Ossuary)
  A rat (D:2)
321 creatures vanquished.

Vanquished Creatures (collateral kills)
  A rime drake (Lair:2)
  A water moccasin (Lair:2)
2 creatures vanquished.

Vanquished Creatures (others)
  2 gnolls (D:9)
2 creatures vanquished.

Grand Total: 325 creatures vanquished

Notes
Turn   | Place    | Note
-------+----------+-------------------------------------------
     0 | D:1      | GoblinSharpshooter the Mummy Earth Elementalist began the
                  | quest for the Orb.
     0 | D:1      | Reached XP level 1. HP: 13/13 MP: 4/4
    78 | D:1      | Reached skill level 1 in Conjurations
   287 | D:1      | Reached XP level 2. HP: 19/19 MP: 3/6
   877 | D:1      | Reached XP level 3. HP: 24/24 MP: 3/7
  1018 | D:1      | Learned a level 3 spell: Stone Arrow
  1564 | D:2      | Found an iron altar of Okawaru.
  2280 | D:3      | Found an iron altar of Okawaru.
  2286 | D:3      | Found a sparkling altar of Nemelex Xobeh.
  2286 | D:3      | Found an ornate altar of the Wu Jian Council.
  2288 | D:3      | Found a shadowy altar of Dithmenos.
  2288 | D:3      | Found a stormy altar of Qazlal.
  2318 | D:3      | Found a blossoming altar of Fedhas.
  2318 | D:3      | Found a basalt altar of Yredelemnul.
  2320 | D:3      | Found a broken altar of Ashenzari.
  2847 | D:4      | Reached XP level 4. HP: 23/30 MP: 4/9
  3110 | D:4      | Noticed a phantom
  3115 | D:4      | Killed a phantom
  3116 | D:4      | Reached XP level 5. HP: 32/35 MP: 5/11
  3323 | D:4      | Found a staircase to the Ecumenical Temple.
  3338 | Temple   | Entered the Ecumenical Temple
  3362 | Temple   | Became a worshipper of Kikubaaqudgha
  4124 | D:5      | Entered Level 5 of the Dungeon
  4155 | D:5      | Reached XP level 6. HP: 30/41 MP: 8/12
  4162 | D:5      | Reached skill level 5 in Earth Magic
  4195 | D:5      | Reached skill level 1 in Fighting
  4291 | D:5      | Reached * piety under Kikubaaqudgha
  4291 | D:5      | Received a gift from Kikubaaqudgha
  4292 | D:5      | Reached XP level 7. HP: 48/48 MP: 9/13
  4381 | D:5      | Found a sand-covered staircase.
  4383 | D:5      | Noticed a wyvern
  4391 | D:5      | Killed a wyvern
  4400 | Ossuary  | Entered an ossuary
  4708 | Ossuary  | Found an ancient bone altar of Kikubaaqudgha.
  4711 | Ossuary  | Reached XP level 8. HP: 58/58 MP: 10/14
  5063 | Ossuary  | Reached ** piety under Kikubaaqudgha
  5388 | D:5      | Found a runed translucent gate.
  5388 | D:5      | Found a runed translucent gate.
  5388 | D:5      | Found a runed translucent gate.
  5695 | D:5      | Noticed ZZKoverts's ghost (novice SpHu)
  6450 | D:6      | Noticed a troll
  6459 | D:6      | Killed a troll
  6460 | D:6      | Reached skill level 5 in Fighting
  6633 | D:6      | Reached skill level 5 in Stealth
  7045 | D:7      | Reached XP level 9. HP: 68/68 MP: 10/15
  7483 | D:7      | Reached skill level 5 in Dodging
  7763 | D:7      | Reached *** piety under Kikubaaqudgha
  7763 | D:7      | Received a gift from Kikubaaqudgha
  8145 | D:8      | Found a flagged portal.
  8173 | D:8      | HP: 1/70 [gnoll sergeant/+0 spear (13)]
  8400 | Bailey   | Entered a bailey
  8804 | D:8      | Noticed Erica
  8819 | D:8      | Reached **** piety under Kikubaaqudgha
  8918 | D:8      | Killed Erica
  8919 | D:8      | Reached XP level 10. HP: 43/79 MP: 0/16
  9643 | D:8      | Learned a level 4 spell: Olgreb's Toxic Radiance
  9656 | D:9      | Noticed Jeremiah
  9794 | D:8      | Reached skill level 1 in Alchemy
 10278 | D:9      | Found a staircase to the Lair.
 10961 | D:8      | Reached skill level 5 in Alchemy
 11240 | D:9      | Noticed Psyche
 11248 | D:9      | Killed Psyche
 11547 | D:9      | Killed Jeremiah
 11879 | D:9      | Reached XP level 11. HP: 42/87 MP: 1/17
 12140 | D:9      | Reached ***** piety under Kikubaaqudgha
 12641 | D:10     | Entered Level 10 of the Dungeon
 12811 | D:10     | Noticed a two-headed ogre
 12821 | D:10     | Killed a two-headed ogre
 12937 | D:10     | Found a staircase to the Orcish Mines.
 12982 | D:10     | Found a snail-covered altar of Cheibriados.
 13088 | D:10     | Reached skill level 10 in Fighting
 13865 | D:10     | Learned a level 6 spell: Death Channel
 13924 | Lair:1   | Entered Level 1 of the Lair of Beasts
 14035 | Lair:1   | Reached skill level 1 in Necromancy
 14198 | Lair:1   | Reached skill level 5 in Spellcasting
 14486 | Lair:1   | Found a runed translucent door.
 14487 | Lair:1   | Found a shimmering altar of Xom.
 14487 | Lair:1   | Noticed Oceus's ghost (journeyman KoHu)
 14488 | Lair:1   | Noticed a +0 rapier of chaos
 14610 | Lair:1   | Reached XP level 12. HP: 93/97 MP: 0/20
 15636 | Lair:2   | Reached skill level 10 in Dodging
 15913 | Lair:2   | Found a staircase to the Snake Pit.
 15923 | Lair:2   | Reached skill level 5 in Necromancy
 16133 | Lair:2   | Noticed Harold
 16165 | Lair:2   | Killed Harold
 16844 | Lair:3   | Noticed a death yak
 16844 | Lair:3   | Noticed a death yak
 16857 | Lair:3   | Killed a death yak
 16858 | Lair:3   | Reached skill level 1 in Hexes
 16858 | Lair:3   | Killed a death yak
 17015 | Lair:3   | Noticed Sonja
 17021 | Lair:3   | Killed Sonja
 17217 | Lair:3   | Reached ****** piety under Kikubaaqudgha
 17399 | Lair:3   | Found a runed translucent door.
 17399 | Lair:3   | Noticed Fureje's ghost (novice SpDe)
 17413 | Lair:3   | Mangled by a merfolk

Illustrated notes

Levels and vault maps discovered:
D:1:      amcnicky_arrival_flooded_fountain, layout_loops_cross,
          minmay_pentomino_w4
D:2:      layout_loops_ring, serial_forest, infiniplex_forest_fountain,
          infiniplex_forest_zigzag_1, infiniplex_forest_clump_small,
          infiniplex_forest_split, infiniplex_forest_clump_small,
          infiniplex_forest_clump_small, basic_altar, nrook_campfire
D:3:      layout_loops_ring, grunt_temple_overflow_open
D:4:      layout_basic, mainiacjoe_overflow_tiny_flanked,
          minmay_temple_entry_grid, minmay_manual_moon
D:5:      layout_basic, nicolae_ossuary_entry_ruins, gammafunk_ghost_icy
D:6:      layout_cave_pools, hangedman_decor_growths, serial_bayou_pond_d
D:7:      minmay_angry_zag, layout_cave_pods
D:8:      layout_basic, enter_bailey_5, fungi_pond_lemuel, nzn_life_drinkers,
          uniq_erica
D:9:      layout_long_grid, minmay_lair_entry_grove, uniq_jeremiah, uniq_psyche
D:10:     layout_irregular_city, slow_altar_1, orc_0_dummy
Temple:   nicolae_temple_no_exploring_needed
Lair:1:   layout_misc_corridors, ebering_ghost_xom, infiniplex_staircase_pool
Lair:2:   layout_chaotic_city, guppyfry_snake_entry_garden, beast_lair_carwin_5,
          infiniplex_staircase_pool_2, uniq_harold
Lair:3:   layout_misc_corridors, elwin_shoals_entry_stream,
          hellmonk_ghost_happy_afterlife, gauntlet_entry_generic,
          bh_autumn_forest_stairs, lemuel_fruit_tree, uniq_sonja

Skill      XL: |  1  2  3  4  5  6  7  8  9 10 11 12 |
---------------+-------------------------------------+-----
Conjurations   | 1 2 3 |  3.0
Spellcasting   | 3 4 5 9 |  9.0
Earth Magic    | 3 4 5 |  5.0
Fighting       | 1 3 5 7 8 10 | 10.0
Stealth        | 2 3 5 6 7 |  7.0
Dodging        | 2 3 4 6 7 9 10 | 10.0
Alchemy        | 7 8 |  8.0
Necromancy     | 3 7 |  7.3
Hexes          | 2 |  2.5

Action                     |  1- 3 |  4- 6 |  7- 9 | 10-12 || total
---------------------------+-------+-------+-------+-------++-------
  Melee: Unarmed           |     9 |       |       |       ||     9
         Dagger            |       |     1 |    26 |   150 ||   177
         Punch             |       |     1 |       |     2 ||     3
   Cast: Sandblast         |    70 |    54 |   175 |   137 ||   436
         Stone Arrow       |       |     2 |    52 |   120 ||   174
         Olgreb's Toxic Ra |       |       |       |    61 ||    61
  Evoke: Wand              |       |     4 |    14 |    17 ||    35
    Use: Scroll            |       |       |    10 |     1 ||    11
   Stab: Invisible         |       |       |     1 |       ||     1
         Paralysed         |       |       |       |     4 ||     4
         Sleeping          |       |       |       |     1 ||     1
 Armour: Robe              |    18 |    14 |   153 |    90 ||   275
         Troll leather arm |       |       |       |   194 ||   194
  Dodge: Dodged            |    21 |    16 |   141 |   282 ||   460

Table legend: (Time is in decaauts)
 A = Elapsed time spent in this place.
 B = Non-inter-level travel time spent in this place.
 C = Inter-level travel time spent in this place.
 D = Time resting spent in this place.
 E = Time spent auto-exploring this place.
 F = Levels seen in this place.
 G = Mean time per level.
                   A        B        C        D        E       F      G
               +--------+--------+--------+--------+--------+-----+--------+
         Total |  17647 |  16921 |    726 |   2583 |  12129 |  16 | 1102.9 |
       Dungeon |  13062 |  12372 |    690 |   1950 |   8873 |  10 | 1306.2 |
        Temple |     31 |     19 |     12 |      0 |     17 |   1 |   31.0 |
          Lair |   3520 |   3496 |     24 |    433 |   2600 |   3 | 1173.3 |
       Ossuary |    981 |    981 |      0 |    200 |    634 |   1 |  981.0 |
        Bailey |     50 |     50 |      0 |      0 |      5 |   1 |   50.0 |
               +--------+--------+--------+--------+--------+-----+--------+

Top non-repeatable levels by time:
     D:8: 2548 daAuts
     D:9: 1929 daAuts
  Lair:2: 1653 daAuts
     D:7: 1460 daAuts
     D:4: 1308 daAuts
  Lair:1: 1265 daAuts
    D:10: 1185 daAuts
     D:2: 1033 daAuts
     D:5: 1010 daAuts
     D:1: 989 daAuts
 Ossuary: 981 daAuts
     D:3: 815 daAuts
     D:6: 780 daAuts
  Lair:3: 601 daAuts
  Bailey: 50 daAuts
